AoeStats
← распродаж

Lombardia

508710961Analyzed
4v4 RM · 9d ago on Sep 23, 2026· 45m 13s· 8 players
Game mode
Random Map
Map size
Large (8 player)
Population
200
Speed
Normal
Resources
Standard
Victory
Conquest
Starting age
Dark Age
Ending age
Imperial Age
RankedLock teamsTeams togetherTeam positionsShared explorationLock speedFull tech treeHidden civsTurbo modeCheats
Victory
Defeat
🇫🇷 Spanish · France
1518
+18
🇭🇰 Saxons · Hong Kong SAR China
1503
+18
🇨🇳 Mongols · China
1462
+20
🇨🇳 Franks · China
1458
+20
🇭🇺 Danes · Hungary
1716
-26
🇭🇺 Varangians · Hungary
1628
-22
🇭🇺 Franks · Hungary
1544
-19
🇭🇺 Saxons · Hungary
1310
-26
распродаж
12:29 Feudal Age
13:52 Double-Bit Axe
16:23 Castle Age
14:17 Horse Collar
17:36 Wheelbarrow
23:10 Loom
26:19 Fletching
28:59 Scale Mail Armor
29:09 Forging
29:54 Bodkin Arrow
31:03 Town Watch
35:29 Imperial Age
33:15 Padded Archer Armor
33:09 Crossbowman
34:34 Leather Archer Armor
35:07 Thumb Ring
35:33 Arbalester
36:36 Bracer
36:54 Gold Mining
38:02 Bow Saw
38:22 Stone Mining
38:54 Ballistics
39:28 Hand Cart
39:23 Cranequins
40:34 Ring Archer Armor
43:25 Conscription
42:28 Clerical Recruitment
43:20 Forging
45:19 Chemistry
45:47 Iron Casting
45:27 Chain Mail Armor
Titi
8:40 Loom
10:51 Feudal Age
12:23 Horse Collar
15:12 Castle Age
13:19 Double-Bit Axe
14:34 Padded Archer Armor
16:11 Bloodlines
16:15 Bow Saw
23:39 Wheelbarrow
23:33 Gold Mining
23:51 Husbandry
24:36 Heavy Plow
25:53 Hand Cart
25:34 Town Watch
27:11 Stone Mining
32:30 Imperial Age
31:03 Leather Archer Armor
33:55 Ring Archer Armor
32:53 Elite Conquistador
34:15 Conscription
33:47 Man-at-Arms
35:34 Two-Man Saw
35:22 Supremacy
45:05 Caravan
第一滴血
10:36 Feudal Age
14:30 Castle Age
12:59 Double-Bit Axe
13:25 Horse Collar
20:34 Bow Saw
21:45 Wheelbarrow
23:15 Gold Mining
23:52 Hand Cart
24:52 Stone Mining
29:28 Imperial Age
26:47 Loom
26:51 Town Watch
28:02 Heavy Plow
28:40 Gold Shaft Mining
28:41 Stone Shaft Mining
28:18 Fletching
29:02 Bodkin Arrow
30:18 Bracer
30:42 Ballistics
31:23 Chemistry
30:36 Bloodlines
30:30 Husbandry
31:30 Conscription
32:05 Elite Mangudai
32:55 Padded Archer Armor
33:51 Leather Archer Armor
34:01 Thumb Ring
35:23 Parthian Tactics
35:12 Siege Engineers
36:45 Caravan
37:36 Onager
38:27 Capped Ram
39:30 Drill
44:53 Light Cavalry
45:39 Scale Barding Armor
45:45 Forging
超级硬邦邦
6:32 Loom
9:08 Feudal Age
9:57 Double-Bit Axe
12:33 Forging
17:07 Scale Barding Armor
20:31 Castle Age
20:02 Wheelbarrow
20:31 Town Watch
21:11 Gold Mining
21:34 Husbandry
22:53 Bow Saw
25:08 Gold Shaft Mining
24:25 Stone Mining
30:05 Hand Cart
34:35 Imperial Age
33:27 Light Cavalry
35:47 Cavalier
37:04 Iron Casting
36:50 Chain Barding Armor
36:55 Conscription
37:04 Chivalry
38:56 Blast Furnace
38:58 Coinage
38:29 Caravan
37:54 Paladin
40:34 Plate Barding Armor
41:34 Fortified Wall
41:45 Ballistics
42:26 Chemistry
43:52 Banking
erika
10:26 Feudal Age
11:29 Double-Bit Axe
13:29 Loom
15:12 Scale Barding Armor
18:59 Forging
25:23 Castle Age
23:25 Fletching
26:49 Husbandry
28:16 Bow Saw
31:34 Wheelbarrow
31:32 Chain Barding Armor
35:34 Gold Mining
38:07 Iron Casting
43:27 Imperial Age
42:02 Gold Shaft Mining
41:47 Hand Cart
43:36 Cavalier
45:41 Blast Furnace
2EZ.Rolo
10:14 Feudal Age
14:40 Castle Age
15:10 Loom
16:06 Double-Bit Axe
30:37 Horse Collar
33:55 Bow Saw
33:46 Heavy Plow
35:14 Stone Mining
35:51 Gold Mining
39:24 Imperial Age
36:54 Fletching
38:15 Scale Mail Armor
38:26 Forging
39:08 Stone Shaft Mining
39:09 Gold Shaft Mining
38:18 Pikeman
38:59 Squires
40:38 Wheelbarrow
39:37 Halberdier
40:19 Arson
41:11 Conscription
40:48 Onager
43:54 Ballistics
2ez Scipi
11:03 Feudal Age
14:34 Castle Age
13:28 Loom
14:54 Stone Mining
17:40 Gold Mining
18:17 Double-Bit Axe
22:28 Husbandry
24:08 Bloodlines
25:36 Forging
26:58 Horse Collar
28:11 Scale Barding Armor
35:56 Bow Saw
38:29 Imperial Age
36:53 Chain Barding Armor
38:19 Iron Casting
39:01 Wheelbarrow
39:42 Conscription
40:11 Plate Barding Armor
42:57 Blast Furnace
trombi
10:50 Feudal Age
12:00 Double-Bit Axe
14:54 Castle Age
12:38 Horse Collar
16:15 Bow Saw
16:00 Loom
27:46 Gold Mining
27:58 Heavy Plow
29:39 Wheelbarrow
30:14 Ballistics
29:45 Fletching
33:17 Imperial Age
31:38 Bodkin Arrow
32:45 Padded Archer Armor
32:51 Thumb Ring
33:18 Heavy Mounted Crossbowman
33:59 Bracer
33:27 Cranequins
35:21 Chemistry
33:58 Cranequins
35:04 Bloodlines
35:28 Leather Archer Armor
35:26 Husbandry
36:39 Ring Archer Armor
37:46 Hand Cart
Connection lost

Rejoining the realm…

Still unreachable

The connection could not be restored.

Session expired

The server has moved on; the page needs a fresh start.